Map: [ESL] Royal Blood

Players

Reynor - Winner!

  • Race: Zerg Zerg
  • Spawn Location: 7:00

Lambo

  • Race: Zerg Zerg
  • Spawn Location: 1:00

Event: ESL SC2 Masters 2023 Summer (Regionals)

VOD

Have the link to the VOD?

Description

Time

  • Played on: May 28, 2023, 7:26 a.m.
  • Length: 7:27

All games in this series

Show
View Real Time Build Order
Export as new Build Order

Reynor Zerg - Winner!

Build Orders: Hatch First 

Get SALT Encoding   

  12  0:00  Drone  
  13  0:11  Overlord  
  13  0:16  Drone  
  14  0:30  Drone x2  
  16  0:47  Hatchery  
  15  0:50  Drone  
  15  0:53  Drone  
  15  0:56  Drone  
  18  1:06  Extractor  
  17  1:11  Spawning Pool  
  17  1:15  Drone  
  17  1:18  Drone  
  18  1:27  Drone  
  19  1:38  Drone  
  20  1:48  Overlord  
  20  1:58  Queen x2  
  20  1:59  Drone x2  
  26  2:10  Zergling x4  
  26  2:13  Metabolic Boost  
  28  2:20  Drone  
  28  2:21  Drone  
  30  2:32  Drone  
  30  2:33  Drone  
  32  2:37  Hatchery  
  32  2:41  Drone  
  32  2:43  Zergling x2  
  33  2:49  Baneling Nest  
  32  2:52  Overlord  
  32  2:55  Drone  
  33  3:02  Queen  
  33  3:03  Drone  
  36  3:10  Overlord  
  36  3:11  Drone  
  36  3:12  Drone  
  38  3:14  Drone  
  40  3:20  Zergling x2  
  40  3:21  Drone x2  
  40  3:25  Overlord  
  42  3:30  Drone  
  42  3:31  Evolution Chamber  
  42  3:34  Drone  
  42  3:38  Baneling  
  42  3:40  Baneling  
  43  3:43  Zergling x6  
  43  3:45  Overlord  
  46  3:49  Drone  
  46  3:52  Drone  
  46  3:54  Overlord  
  48  3:57  Baneling  
  48  4:01  Overlord, Drone  
  49  4:04  Drone  
  49  4:05  Baneling  
  49  4:08  Drone  
  52  4:10  Drone  
  52  4:11  Drone  
  52  4:12  Drone x2  
  52  4:16  Drone x2  
  58  4:17  Drone  
  58  4:22  Drone x3  
  62  4:28  Drone  
  61  4:33  Extractor, Overlord  
  61  4:35  Drone, Roach Warren  
  60  4:40  Drone  
  60  4:42  Queen, Drone  
  60  4:43  Extractor, Drone  
  62  4:48  Drone  
  62  4:50  Overlord  
  62  4:51  Drone x2  
  62  4:52  Drone x2  
  67  4:53  Drone  
  67  4:57  Zergling x4  
  67  4:58  Zergling x6  
  67  4:59  Baneling x2  
  73  5:02  Overlord  
  73  5:07  Extractor  
  73  5:11  Overlord  
  72  5:17  Drone  
  72  5:19  Overlord  
  73  5:23  Overlord  
  73  5:29  Roach x3  
  73  5:30  Roach x5  
  73  5:34  Roach x2  
  94  5:39  Roach x2  
  95  5:43  Overlord  
  95  5:45  Roach x2  
  95  5:48  Roach x3  
  100  5:55  Roach x2, Zergling x6  
  100  5:56  Zergling x2  
  108  6:00  Roach  
  108  6:03  Roach x2  
  112  6:07  Roach x2  
  112  6:08  Overlord  
  116  6:16  Roach x3  
  116  6:18  Roach  
  124  6:20  Roach x2  
  124  6:24  Roach x3  
  134  6:32  Zergling x6  
  137  6:33  Baneling x5  
  137  6:34  Baneling  
  137  6:37  Baneling  
  137  6:39  Zergling x2  
  138  6:40  Zergling x4  
  138  6:41  Zergling x4  
  138  6:43  Zergling x2  
  138  6:44  Zergling x6  
  146  6:47  Ravager  
  146  6:53  Roach, Overlord  
  146  6:54  Roach x2  
  153  6:57  Overlord  
  150  7:02  Roach  
  150  7:03  Roach  
  150  7:05  Roach  
  151  7:08  Roach  
  151  7:09  Zergling x2  
  151  7:10  Zergling x2  
Show
View Real Time Build Order
Export as new Build Order

Lambo Zerg 

Build Orders: Hatch First 

Get SALT Encoding   

  12  0:00  Drone  
  13  0:12  Overlord  
  13  0:18  Drone  
  14  0:32  Drone x2  
  16  0:47  Hatchery  
  15  0:51  Drone  
  15  0:55  Drone  
  17  0:58  Drone  
  18  1:09  Extractor  
  17  1:14  Spawning Pool  
  17  1:18  Drone  
  17  1:21  Drone  
  18  1:27  Drone  
  19  1:38  Drone  
  20  1:49  Drone  
  21  2:00  Queen  
  21  2:01  Queen, Zergling x2, Overlord  
  26  2:09  Drone, Metabolic Boost  
  26  2:12  Drone  
  28  2:20  Drone  
  28  2:21  Drone  
  30  2:31  Drone  
  30  2:32  Zergling x2  
  32  2:40  Hatchery  
  31  2:45  Drone  
  31  2:49  Overlord, Baneling Nest  
  31  2:55  Drone x2  
  34  3:05  Zergling x4  
  34  3:10  Zergling x6  
  34  3:12  Zergling x4  
  40  3:13  Zergling x2  
  41  3:21  Zergling x2  
  41  3:22  Overlord  
  41  3:25  Queen  
  44  3:40  Baneling  
  44  3:41  Baneling  
  44  3:43  Drone x4  
  44  3:47  Zergling x2  
  44  3:48  Drone x2  
  51  3:50  Drone  
  52  3:58  Drone x2  
  52  4:00  Drone  
  54  4:04  Spore Crawler  
  54  4:08  Drone x2  
  54  4:09  Roach Warren  
  54  4:10  Drone  
  54  4:15  Drone x2  
  54  4:16  Overlord  
  58  4:19  Extractor  
  58  4:22  Drone  
  58  4:32  Overlord  
  58  4:37  Drone x4, Overlord  
  62  4:42  Drone x3  
  62  4:45  Drone  
  66  4:52  Drone  
  66  4:53  Drone  
  66  4:56  Roach  
  66  4:57  Roach x3  
  66  4:58  Extractor  
  74  5:00  Roach x3  
  74  5:05  Overlord  
  74  5:06  Lair  
  80  5:09  Evolution Chamber  
  80  5:10  Roach  
  80  5:11  Overlord  
  81  5:25  Baneling x3  
  81  5:33  Drone x10  
  90  5:37  Drone x3  
  87  5:51  Drone x8  
  95  5:57  Extractor  
  95  5:58  Extractor, Drone x3  
  95  6:01  Extractor  
  95  6:05  Glial Reconstitution  
  95  6:12  Hatchery  
  95  6:14  Overlord  
  95  6:15  Drone x2  
  95  6:17  Spire  
  95  6:22  Overseer  
  95  6:23  Roach  
  97  6:25  Overlord  
  97  6:26  Drone  
  97  6:27  Overlord  
  97  6:29  Overlord x2  
  97  6:31  Spine Crawler x2  
  96  6:33  Roach, Spine Crawler  
  96  6:34  Roach x3  
  96  6:36  Spine Crawler  
  96  6:37  Roach  
  104  6:40  Roach  
  104  6:45  Baneling x5  
  104  6:47  Roach  
  109  6:52  Roach x3  
  115  6:58  Roach x5  
  124  7:01  Roach x4  
  124  7:06  Roach  
Tags
 
Add a new tag
Caveats
  • Supply blocks, unpowered buildings, or Contaminate may cause inaccurate times.
  • Supply counts are checked every 10 seconds.